 Dungeon Sprint DCSS version 0.28-a0-312-gbced6e68ee (webtiles) character file.

Game seed: 8924607880459027422

658 Ankalagon the Prestidigitator (level 7, -8/70 HPs)
             Began as a Deep Dwarf Fighter on Aug 30, 2021.
             Was a Follower of Makhleb.
             Mangled by a death cob (19 damage)
             ... in the Dungeon (Sprint V: "Ziggurat Sprint").
             The game lasted 00:02:27 (159 turns).

Ankalagon the Prestidigitator (Deep Dwarf Fighter)   Turns: 159, Time: 00:02:27

Health: -8/70      AC: 21    Str: 27    XL:     7   Next: 29%
Magic:  11/12      EV:  8    Int:  9    God:    Makhleb [*.....]
Gold:   0          SH:  9    Dex: 18    Spells: 6/6 levels left

rFire   + . .      SeeInvis .   P - +7 Screaming Sword {vorpal, sonic wave}
rCold   + . .      Faith    .   x - +3 buckler
rNeg    . . .      Spirit   .   s - +5 gold dragon scales
rPois   +          Reflect  .   (no helmet)
rElec   .          Harm     .   (no cloak)
rCorr   .          Rampage  .   (no gloves)
Will    +....      NoTele   +   (no boots)
Stlth   ..........              (no amulet)
HPRegen 0.00/turn               L - +6 ring of strength
MPRegen 0.13/turn               H - +6 ring of dexterity

@: mighty, hasted and slowed
A: damage resistance, heal wounds, sense surroundings 1, no regeneration
a: Heal Wounds, Renounce Religion


You were in the Dungeon.
You worshipped Makhleb.
Makhleb was aware of your devotion.
You visited 1 branch

Inventory:

Hand Weapons
 a - a +0 long sword
 P - the +7 Screaming Sword (weapon) {vorpal, sonic wave}
   (You found it in the Dungeon)

   It inflicts extra damage upon your enemies.
   It radiates damaging sonic waves as it strikes, especially in combat
   involving dangerous or numerous foes.
 Q - the +5 sword of Power {vorpal}
   (You found it in the Dungeon)

   It inflicts extra damage upon your enemies.
   It occasionally discharges a powerful but inaccurate bolt of energy upon
   striking a foe, with increased chance the greater the wielder's current
   health.
 R - the +9 sword of Zonguldrok {reap}
   (You found it in the Dungeon)

   Any living foe damaged by it may be reanimated upon death as a zombie
   friendly to the wielder, with an increasing chance as more damage is dealt.
 S - the +11 plutonium sword {Contam Stlth-}
   (You found it in the Dungeon)

   It occasionally inflicts wild transmutation effects on those it strikes,
   inflicting malmutation or extra damage, or polymorphing them into a new form.
   Contam:    It causes magical contamination when unequipped.
   Stlth:     It makes you less stealthy.
Armour
 b - a +0 scale mail
 c - a +0 kite shield
 o - +5 fire dragon scales
 p - +5 ice dragon scales
 q - +5 storm dragon scales
 r - +5 shadow dragon scales
 s - +5 gold dragon scales (worn)
 t - a +5 crystal plate armour
 u - a +5 plate armour
 v - a +3 kite shield
 w - a +3 tower shield
 x - a +3 buckler (worn)
 O - the +18 shield of the Gong {rElec rN+ Will+ EV-5}
   (You found it in the Dungeon)

   It is deafeningly noisy when blocking attacks.
   EV:        It affects your evasion (-5).
   rElec:     It insulates you from electricity.
   rN:        It protects you from negative energy.
   Will:      It increases your willpower.
Jewellery
 n - a ring of magical power
 G - a ring of flight
 H - a +6 ring of dexterity (right hand)
 I - a +6 ring of dexterity
 J - a +6 ring of intelligence
 K - a +6 ring of intelligence
 L - a +6 ring of strength (left hand)
 M - a +6 ring of strength
 T - a ring of willpower
Wands
 D - a wand of mindburst (7)
 E - a wand of iceblast (7)
 F - a wand of acid (7)
Scrolls
 j - 3 scrolls of blinking
 y - 7 scrolls of fog
 z - a scroll of holy word
 A - 5 scrolls of identify
 B - 2 scrolls of fear
 C - 4 scrolls of amnesia
Potions
 d - 5 potions of might
 e - 10 potions of curing
 f - 4 potions of heal wounds
 g - 5 potions of haste
 h - 7 potions of magic
 i - 3 potions of berserk rage
 k - 2 potions of brilliance
 l - 2 potions of invisibility
 m - 3 potions of resistance
Miscellaneous
 N - a lightning rod (2/4) (quivered)


   Skills:
 + Level 6.3 Fighting
 + Level 6.4 Long Blades
 + Level 7.5 Armour
 + Level 6.7 Dodging
 + Level 7.7 Shields
 + Level 7.0 Invocations
 + Level 8.1 Evocations


You had 6 spell levels left.
You didn't know any spells.
Your spell library was empty.

Dungeon Overview and Level Annotations

Branches:
Dungeon (1/1)

Altars:
Ashenzari
Cheibriados
Dithmenos
Elyvilon
Fedhas
Gozag
Hepliaklqana
Kikubaaqudgha
Makhleb
Nemelex Xobeh
Okawaru
Qazlal
Ru
Sif Muna
Trog
Uskayaw
Vehumet
Wu Jian
Xom
Yredelemnul
Zin
The Shining One
Beogh
Jiyva
Lugonu

Annotations:
D 1 transporter


Innate Abilities, Weirdness & Mutations

You are resistant to damage.
You can heal yourself by infusing magical energy.
You passively map a small area around you.
You do not regenerate.


Message History

The thunderbolt hits the draconian!
The draconian is moderately wounded.
The thunderbolt hits the death cob!
The death cob is lightly damaged.
The thunderbolt hits the draconian!
The draconian is moderately wounded.
The death cob barely misses you. The death cob hits you!
You block the death cob's attack. x2; The death cob completely misses you.
You feel much better. You block the death cob's attack. x2
The death cob hits you!! The death cob drains your vigour!
You feel as though you will be slow longer.
The death cob hits you but does no damage.
The death cob closely misses you.
Aiming: Thunderbolt
Press: ? - help, Q - select action, (/) - cycle Shift-Dir - straight line, f/p - death cob
Aim: a death cob (lightly damaged)
Okay, then.
Unknown command.
Okay, then.
Unknown command.
You feel very mighty all of a sudden. The death cob barely misses you.
The death cob hits you but does no damage. x2
The death cob hits you!
The death cob hits you but does no damage.
You slash the death cob!
The Screaming Sword booms, "ENCORE!
ENCORE!
ENCORE!"
You send a blast of sound all around you.
The draconians and the death cobs are blasted.
The draconian is heavily wounded.
The draconian is severely wounded.
The death cob is heavily damaged.
The death cob is moderately damaged.
The death cob is heavily damaged.
The death cob hits you!!
* * * LOW HITPOINT WARNING * * *
The death cob drains your vigour!
You feel as though you will be slow longer.
You block the death cob's attack. The death cob hits you!!
You die...

*
▓▓▓▓▓▓▓▓▓▓▓▓▓▓▓▓▓▓▓
,
▓.8©8@▓.8©8.▓.8©8.▓
▓.[dzz▓.).|.▓.....▓
▓..".d▓.....▓...|.▓
▓.....▓.....▓.....▓
,
▓.....▓.....▓.†...▓
▓.....▓.....▓..©..▓
,
*▓..©..▓..©..▓▓▓▓▓▓▓
▓▓▓▓▓▓▓▓▓▓▓▓▓ * * ,
8 8 ,* *


You could see 2 death cobs and 2 draconians.

Vanquished Creatures
  3 air elementals (D)
  2 swamp drakes (D)
5 creatures vanquished.

Notes
Turn   | Place    | Note
-------+----------+-------------------------------------------
     0 | D        | Ankalagon the Deep Dwarf Fighter began the quest for the
                  | Orb.
     0 | D        | Reached XP level 1. HP: 20/20 MP: 1/1
     0 | D        | Found a shimmering blue altar of Sif Muna.
     0 | D        | Found a sacrificial altar of Ru.
     0 | D        | Found a bloodstained altar of Trog.
     0 | D        | Found a stormy altar of Qazlal.
     0 | D        | Found an iron altar of Okawaru.
     0 | D        | Found a sparkling altar of Nemelex Xobeh.
     0 | D        | Found a blossoming altar of Fedhas.
     0 | D        | Found the +6 Majin-Bo {vamp, MP+6 Int+6}
     0 | D        | Found the +9 heavy crossbow "Sniper" {vorpal, Acc+∞ SInv}
     0 | D        | Found the +10 dark maul {vorpal}
     0 | D        | Found the +15 Maxwell's patent armour {-Cast -Tele rElec
                  | Will+ rCorr}
     0 | D        | Found the +18 shield of the Gong {rElec rN+ Will+ EV-5}
     0 | D        | Found the +14 obsidian axe {vorpal, Mesm Drain Fly SInv}
     0 | D        | Found the +7 great mace "Firestarter" {inner flame, rF++}
     0 | D        | Found the +6 shillelagh "Devastator" {shatter}
     0 | D        | Found the +11 plutonium sword {Contam Stlth-}
     0 | D        | Found the +8 lance "Wyrmbane" {slay drac, rPois rF+ rC+
                  | AC+3}
     0 | D        | Found the +9 sword of Zonguldrok {reap}
     0 | D        | Found the +13 scythe of Curses {drain, Drain}
     0 | D        | Found the +5 sword of Power {vorpal}
     0 | D        | Found the +7 mace of Variability {chain chaos}
     0 | D        | Found the +7 Singing Sword {vorpal, sonic wave}
     0 | D        | Found the +8 storm bow {elec, penet}
     9 | D        | Found a transporter.
     9 | D        | Found a viscous altar of Jiyva.
     9 | D        | Found an ancient bone altar of Kikubaaqudgha.
     9 | D        | Found a hazy altar of Hepliaklqana.
     9 | D        | Found a corrupted altar of Lugonu.
     9 | D        | Found an opulent altar of Gozag.
     9 | D        | Found a burning altar of Makhleb.
    50 | D        | Became a worshipper of Makhleb the Destroyer
    69 | D        | Reached skill level 3 in Evocations
    69 | D        | Reached XP level 2. HP: 30/30 MP: 2/2
    71 | D        | Entered arena 2.
    71 | D        | Noticed a swamp drake
    71 | D        | Noticed a swamp drake
    71 | D        | Found a transporter.
    74 | D        | Killed a swamp drake
    75 | D        | Reached skill level 5 in Armour
    75 | D        | Reached skill level 5 in Shields
    75 | D        | Reached skill level 5 in Evocations
    75 | D        | Reached XP level 3. HP: 37/37 MP: 2/5
    75 | D        | Reached XP level 4. HP: 45/45 MP: 2/6
    76 | D        | Killed a swamp drake
    77 | D        | Reached skill level 5 in Fighting
    77 | D        | Reached skill level 5 in Long Blades
    77 | D        | Reached XP level 5. HP: 52/52 MP: 2/8
   131 | D        | Entered arena 3.
   131 | D        | Noticed an air elemental
   131 | D        | Noticed an air elemental
   131 | D        | Noticed an air elemental
   131 | D        | Found a transporter.
   133 | D        | Killed an air elemental
   133 | D        | Reached * piety under Makhleb
   134 | D        | Reached skill level 5 in Dodging
   134 | D        | Reached skill level 5 in Invocations
   134 | D        | Reached skill level 7 in Evocations
   134 | D        | Reached XP level 6. HP: 45/62 MP: 8/10
   134 | D        | Paralysed by an air elemental for 1 turns
   136 | D        | Killed an air elemental
   139 | D        | Killed an air elemental
   140 | D        | Reached skill level 8 in Evocations
   140 | D        | Reached XP level 7. HP: 36/70 MP: 8/12
   149 | D        | Entered arena 4.
   149 | D        | Noticed a draconian
   149 | D        | Noticed a draconian
   149 | D        | Noticed a death cob
   149 | D        | Noticed a death cob
   149 | D        | Found a transporter.
   159 | D        | Mangled by a death cob

Illustrated notes

Levels and vault maps discovered:
D:        sprint_v [room_start, room_1, room_2, room_3, room_4, room_5, room_6,
          room_7, room_8, room_9, room_10, room_11, room_12, room_13, room_14,
          room_15, room_16, room_17, room_18, room_19, room_20, room_21,
          room_22, room_23, room_24, room_25, room_26, room_27]

Skill      XL: |  1  2  3  4  5  6 |
---------------+-------------------+-----
Fighting       | 3 4 5 6 |  6.3
Long Blades    | 3 4 5 6 |  6.4
Armour         | 4 5 6 7 |  7.5
Dodging        | 3 4 5 6 |  6.7
Shields        | 4 5 6 7 |  7.7
Evocations     | 3 5 7 8 |  8.1
Invocations    | 3 4 5 7 |  7.0

Action                   |  1- 3 |  4- 6 |  7- 9 || total
-------------------------+-------+-------+-------++-------
Melee: Double sword      |     2 |     8 |     1 ||    11
Evoke: Lightning rod     |       |       |     2 ||     2
  Use: Potion            |     2 |     1 |     7 ||    10
       Scroll            |       |       |     1 ||     1
Armor: Gold dragon scale |     1 |    12 |     7 ||    20
Dodge: Dodged            |     1 |     7 |     6 ||    14
Block: Buckler           |     2 |     4 |    11 ||    17

Table legend: (Time is in decaauts)
 A = Elapsed time spent in this place.
 B = Non-inter-level travel time spent in this place.
 C = Inter-level travel time spent in this place.
 D = Time resting spent in this place.
 E = Time spent auto-exploring this place.
 F = Levels seen in this place.
 G = Mean time per level.
                   A        B        C        D        E       F      G
               +--------+--------+--------+--------+--------+-----+--------+
         Total |    160 |    160 |      0 |     43 |      0 |   1 |  160.0 |
       Dungeon |    160 |    160 |      0 |     43 |      0 |   1 |  160.0 |
               +--------+--------+--------+--------+--------+-----+--------+

Top non-repeatable levels by time:
       D: 160 daAuts
